 Dungeon Crawl Stone Soup version 0.31-a0-986-g5e6e4ef867 (webtiles) character file.

Game seed: 5898779664468706291

81 gelatine the Trooper (level 4, 0/35 HPs)
             Began as a Demonspawn Fighter on Nov 14, 2023.
             Slain by Grinder (6 damage)
             ... while paralysed by Grinder
             ... on level 3 of the Dungeon.
             The game lasted 00:04:45 (1399 turns).

gelatine the Trooper (Demonspawn Fighter)           Turns: 1399, Time: 00:04:46

Health: 0/35       AC:  6    Str: 25    XL:     4   Next: 20%
Magic:  4/4        EV:  2    Int:  9    God:
Gold:   102        SH:  0    Dex: 12    Spells: 3/3 levels left

rFire   . . .        a - +0 war axe (vamp)
rCold   . . .        c - +0 buckler
rNeg    . . .        b - +0 scale mail
rPois   .            (helmet restricted)
rElec   .            (no cloak)
rCorr   .            (no gloves)
SInv    .            (no boots)
Will    .....        (no amulet) Stlth
                     l - +6 ring of strength
HPRegen 0.25/turn    (no ring)
MPRegen 0.09/turn

%: no passive effects
@: paralysed
A: antennae 1, demonic magic 1, talons 1, wild magic 1, MP-powered wands
a: no special abilities


You were on level 3 of the Dungeon.
You visited 1 branch of the dungeon, and saw 3 of its levels.

You collected 102 gold pieces.

Inventory:

Hand Weapons
 a - a +0 vampiric war axe (weapon)
Missiles
 i - 2 javelins (quivered)
Armour
 b - a +0 scale mail (worn)
 c - a +0 buckler (worn)
Jewellery
 l - a +6 ring of strength (left hand)
Wands
 m - a wand of flame (12)
Scrolls
 e - a scroll of silence {unknown}
 f - a scroll of immolation
 g - a scroll of fear {unknown}
 k - a scroll of identify
Potions
 d - 2 potions of might
 h - 2 potions of resistance
 j - a potion of magic


   Skills:
 * Level 3.4 Fighting
 * Level 2.7 Axes
 * Level 3.2 Armour
 * Level 0.4 Dodging
 * Level 3.1 Shields


You had 3 spell levels left.
You didn't know any spells.
Your spell library contained the following spells:

 Spells                   Type           Power      Damage    Failure   Level
 Slow                     Hex            0%         N/A       82%         1
 Confusing Touch          Hex            0%         N/A       99%         3
 Hailstorm                Conj/Ice       0%         3d3       99%         3
 Sigil of Binding         Hex            0%         N/A       99%         3
 Vampiric Draining        Necr           0%         2d6       99%         3
 Summon Ice Beast         Ice/Summ       0%         N/A       100%        4
 Simulacrum               Ice/Necr       0%         N/A       100%        6


Dungeon Overview and Level Annotations

Branches:
Dungeon (3/15)

Altars:
Okawaru

Shops:
D:1 =

Annotations:
D:3 Grinder


Innate Abilities, Weirdness & Mutations

You have a pair of small antennae on your head.
Spells you cast may paralyse adjacent enemies.
You have sharp toenails.
Your spells are a little harder to cast, but a little more powerful.
You expend magic power (3 MP) to strengthen your wands.


Message History

You barely miss the worm.
The worm is lightly wounded.
You slash the worm!
The worm is almost dead.
You block the worm's attack.
You hit the worm.
You feel better.
You kill the worm!
You now have 95 gold pieces (gained 4).
You sense a monster nearby.
A rat comes into view.
Found a scroll of identify.
You slash the rat!
You kill the rat!
You see here a rat corpse.
k - a scroll of identify
As you read the scroll of identify, it crumbles to dust.
n - a potion of mutation A giant cockroach comes into view.
You hit the giant cockroach.
You kill the giant cockroach!
You feel extremely strange.
You feel less in control of your magic.
You feel your magical essence link to the dungeon's wands.
Your toenails lengthen and sharpen.
You now have 102 gold pieces (gained 7).
k - a scroll of identify Grinder comes into view.
Grinder shouts!
Grinder closely misses you. Grinder gestures at you.
You suddenly lose the ability to move!
Grinder hits you!
You writhe in agony.
Grinder gestures at you.
You shrug off the repeated paralysis!
Grinder hits you!
You writhe in agony.
Grinder hits you!
* * * LOW HITPOINT WARNING * * *
You writhe in agony.
You die...
Grinder says, "Now the real fun starts!"

#.##........
.#
#...........
.#
#.####.#....
.#
#.###....##.
.##
#......####.
..#
###.....###.
..# #^........
##=.#
#.....####
#@5.# #.....#
# # #.#.#
#.....# #
#.##.#.#
####### #
#......# #
####.### ###
#.# ##.## #.#
##.#.## #.#
##.###.#######
#.###.##
##.......


You could see Grinder.

Vanquished Creatures
  2 adders (D:2)
  A worm (D:3)
  A dart slug (D:1)
  4 orcs (D:3)
  An endoplasm (D:2)
  A giant cockroach (D:3)
  3 goblins
  6 hobgoblins
  8 jackals (D:1)
  3 quokkas
  5 ball pythons
  8 bats
  A frilled lizard (D:1)
  3 kobolds
  3 rats
50 creatures vanquished.

Notes
Turn   | Place    | Note
-------+----------+-------------------------------------------
     0 | D:1      | gelatine the Demonspawn Fighter began the quest for the
                  | Orb.
     0 | D:1      | Reached XP level 1. HP: 18/18 MP: 1/1
    97 | D:1      | Found Dately's One-of-a-Kind Rings.
   128 | D:1      | Gained mutation: Spells you cast may paralyse adjacent
                  | enemies. [demonic ancestry]
   128 | D:1      | Reached XP level 2. HP: 19/24 MP: 2/2
   354 | D:1      | Reached XP level 3. HP: 26/29 MP: 3/3
  1057 | D:3      | Found an iron altar of Okawaru.
  1064 | D:3      | Gained mutation: You have a pair of small antennae on your
                  | head. [demonic ancestry]
  1064 | D:3      | Reached XP level 4. HP: 35/35 MP: 4/4
  1323 | D:3      | Gained mutation: Your spells are a little harder to cast,
                  | but a little more powerful. [potion of mutation]
  1323 | D:3      | Gained mutation: You expend magic power (3 MP) to
                  | strengthen your wands. [potion of mutation]
  1323 | D:3      | Gained mutation: You have sharp toenails. [potion of
                  | mutation]
  1393 | D:3      | Noticed Grinder
  1395 | D:3      | Paralysed by Grinder for 5 turns
  1399 | D:3      | Slain by Grinder

Illustrated notes

Levels and vault maps discovered:
D:1:      lemuel_arrival_broad_hall, layout_rooms, serial_forest,
          infiniplex_forest_straight_1, infiniplex_forest_clump_curved,
          infiniplex_forest_lined_2, infiniplex_forest_clump_diagonal,
          infiniplex_forest_corner_1, infiniplex_forest_lined_corner,
          infiniplex_forest_zigzag_1, infiniplex_forest_lined_2,
          infiniplex_forest_clump_diagonal, nicolae_shop_unique_rings,
          dreamdust_princess_bridge
D:2:      layout_rooms, minmay_heptomino_d4
D:3:      layout_loops_cross, overflow_temple_1_default,
          kennysheep_generic_room_8, uniq_grinder

Skill      XL: |  1  2 |
---------------+-------+-----
Armour         | 3 |  3.2
Shields        | 3 |  3.1
Axes           | 2 |  2.7
Fighting       | |  3.4
Dodging        | |  0.4

Action                     |  1- 3 |  4- 6 || total
---------------------------+-------+-------++-------
  Melee: War axe           |   142 |    23 ||   165
    Use: Scroll            |     6 |     1 ||     7
         Potion            |     1 |     1 ||     2
 Armour: Scale mail        |   130 |    18 ||   148
  Dodge: Dodged            |    80 |    14 ||    94
  Block: Buckler           |    50 |     9 ||    59

Table legend: (Time is in decaauts)
 A = Elapsed time spent in this place.
 B = Non-inter-level travel time spent in this place.
 C = Inter-level travel time spent in this place.
 D = Time resting spent in this place.
 E = Time spent auto-exploring this place.
 F = Levels seen in this place.
 G = Mean time per level.
                   A        B        C        D        E       F      G
               +--------+--------+--------+--------+--------+-----+--------+
         Total |   1468 |   1450 |     18 |      0 |    977 |   3 |  489.3 |
       Dungeon |   1468 |   1450 |     18 |      0 |    977 |   3 |  489.3 |
               +--------+--------+--------+--------+--------+-----+--------+

Top non-repeatable levels by time:
     D:1: 615 daAuts
     D:2: 493 daAuts
     D:3: 359 daAuts
